[ AOE2 MATCH · #506489469 ]
UnrankedBulgarians vs Bulgarians
Player's team · LOSS
[ REPLAY ANALYSIS · EXTRACTED FROM THE RECORDED GAME ]
Feudal
—
Castle
—
Imperial
—
| APM avg | 64.6 |
| APM peak | 85 |
| eAPM avg | 25.8 |
| Villagers / military | 13 / 0 |
Focus
⚔️ 46.5% · 🌾 53.5%
Feudal
—
Castle
—
Imperial
—
| APM avg | 63.0 |
| APM peak | 86 |
| eAPM avg | 30.1 |
| Villagers / military | 23 / 0 |
Focus
⚔️ 16.7% · 🌾 83.3%
Match map
Initial resources + every placement click. Lines = walls · curves = elevation contours. ◆ gold · ⬟ stone · ● berries · ✦ relic · ◌ wall gap
Your base
KOF Bzazel's base
Smoothed initial terrain · ◌ = detected wall gap · hover for details
Inputs per minute
— LowEloNobody - - KOF Bzazel
Build order — LowEloNobody
19 actions detected in the replay
| 0:00 | Queue | Villager (Male) |
| 0:01 | Queue | Villager (Male) |
| 0:01 | Build | House |
| 0:03 | Build | House |
| 0:07 | Queue | Villager (Male) |
| 0:17 | Research | Loom |
| 0:29 | Queue | Villager (Male) |
| 0:34 | Queue | Villager (Male) |
| 0:38 | Queue | Villager (Male) |
| 0:50 | Build | Palisade Wall |
| 1:48 | Queue | Villager (Male) |
| 1:50 | Build | Palisade Wall |
| 1:51 | Build | Palisade Wall |
| 2:39 | Queue | Villager (Male) |
| 3:34 | Queue | Villager (Male) |
| 3:51 | Queue | Villager (Male) |
| 4:21 | Queue | Villager (Male) |
| 4:42 | Queue | Villager (Male) |
| 4:42 | Queue | Villager (Male) |
Build order — KOF Bzazel
28 actions detected in the replay
| 0:02 | Build | House |
| 0:02 | Build | House |
| 0:03 | Queue | Villager (Male) |
| 0:03 | Queue | Villager (Male) |
| 0:04 | Queue | Villager (Male) |
| 0:04 | Queue | Villager (Male) |
| 0:04 | Queue | Villager (Male) |
| 0:20 | Research | Loom |
| 0:38 | Queue | Villager (Male) |
| 0:38 | Queue | Villager (Male) |
| 0:38 | Queue | Villager (Male) |
| 0:56 | Research | Loom |
| 0:57 | Queue | Villager (Male) |
| 0:57 | Queue | Villager (Male) |
| 0:57 | Queue | Villager (Male) |
| 1:35 | Queue | Villager (Male) |
| 1:35 | Queue | Villager (Male) |
| 2:58 | Queue | Villager (Male) |
| 2:59 | Queue | Villager (Male) |
| 2:59 | Queue | Villager (Male) |
| 3:32 | Queue | Villager (Male) |
| 3:32 | Queue | Villager (Male) |
| 3:33 | Queue | Villager (Male) |
| 3:39 | Build | Palisade Wall |
| 4:07 | Queue | Villager (Male) |
| 4:08 | Queue | Villager (Male) |
| 4:33 | Queue | Villager (Male) |
| 4:33 | Queue | Villager (Male) |
Match timeline
| 0:50 | LowEloNobody · wall_segment Palisade Wall x8 |
| 1:50 | LowEloNobody · wall_segment Palisade Wall x1 |
| 1:51 | LowEloNobody · wall_segment Palisade Wall x7 |
| 3:39 | KOF Bzazel · wall_segment Palisade Wall x1 |
| 4:52 | LowEloNobody · resign |
[ AI ANALYSIS · 1 CREDIT ]
What really happened in this match?
Wolo.gg analyzes every decision: build order, eco, micro, common mistakes by bracket. Personalized analysis on WhatsApp or Discord in 30 seconds.
Civ guide
Bulgarians
Perfil
Jugador #4114146